 Dungeon Crawl Stone Soup version 0.32-a0-630-g46d191b0ed (webtiles) character file.

Game seed: 12480903674044369853

380 ezpacito the Trooper (level 6, -1/48 HPs)
             Began as a Coglin Chaos Knight on Mar 6, 2024.
             Was a Plaything of Xom.
             Slain by an iguana (14 damage)
             ... on level 3 of the Dungeon.
             The game lasted 00:03:18 (2161 turns).

ezpacito the Trooper (Coglin Chaos Knight)          Turns: 2161, Time: 00:03:18

Health: -1/48      AC:  9    Str: 14    XL:     6   Next: 75%
Magic:  7/7        EV:  7    Int: 11    God:    Xom [..*...]
Gold:   131        SH:  0    Dex: 14    Spells: 7/7 levels left

rFire   . . .        a - +0 hand axe (chaos) {Gloria}
rCold   . . .        g - +0 spear {Santiago}
rNeg    . . .        m - +0 chain mail
rPois   .            (no helmet)
rElec   .            k - scarf {repulsion}
rCorr   .            (no gloves)
SInv    .            (no boots)
Will    .....        (amulet unavailable) Stlth
                     (ring unavailable)
HPRegen 0.28/turn    (ring unavailable)
MPRegen 0.10/turn    (no gizmo)

%: repel missiles
@: revved
A: off-hand wielding, slow wielding, warmup strikes, no jewellery
a: Invent Gizmo, Renounce Religion


You were on level 3 of the Dungeon.
You worshipped Xom.
You were a toy of Xom.
You visited 1 branch of the dungeon, and saw 4 of its levels.

You collected 131 gold pieces.

Inventory:

Hand Weapons
 a - a +0 hand axe of chaos (weapon) {Gloria}
 g - a +0 spear (offhand) {Santiago}
Armour
 k - a scarf of repulsion (worn)
 m - a +0 chain mail (worn)
Scrolls
 b - a scroll of fog {unknown}
 c - a scroll of butterflies
 e - a scroll of revelation {unknown}
 f - a scroll of noise {unknown}
 i - a scroll of identify {unknown}
 n - a scroll of vulnerability {unknown}
Potions
 d - a potion of brilliance {unknown}
 h - a potion of lignification {unknown}
 j - a potion of invisibility {unknown}
 l - a potion of heal wounds
 o - a potion of ambrosia {unknown}
 q - a potion of curing


   Skills:
 * Level 4.1 Fighting
 * Level 4.1(4.3) Axes
 + Level 1.7(3.0) Polearms
 * Level 3.1 Armour
 * Level 2.3 Dodging
 + Level 1.5 Stealth
 + Level 1.0 Spellcasting


You had 7 spell levels left.
You didn't know any spells.
Your spell library contained the following spells:

 Spells                   Type           Power      Damage    Failure   Level
 Gell's Gravitas          Tloc           0%         N/A       100%        3
 Teleport Other           Tloc           0%         N/A       100%        3
 Dispersal                Tloc           0%         N/A       100%        6


Dungeon Overview and Level Annotations

Branches:
Dungeon (4/15)
 Temple: D:4-7

Altars:


Innate Abilities, Weirdness & Mutations

You can wield a second weapon in your off-hand.
It takes a long time for you to wield or remove held weapons.
Your first few attacks do less damage.
You cannot equip rings or amulets.


Message History

You hit the iguana with your +0 spear.
The iguana is moderately wounded.
You hit the iguana with your +0 hand axe of chaos.
An ogre comes into view. It is wielding a +0 giant club.
The iguana bites you!
You take 9 damage, and have 31/48 hp.
You are too injured to fight recklessly!
You are too injured to fight recklessly!
You are too injured to fight recklessly!
You are too injured to fight recklessly!
There are monsters nearby!
There are monsters nearby!
You are too injured to fight recklessly!
There is a stone staircase leading up here.
The iguana closely misses you.
You climb upwards.
There is a stone staircase leading down here.
You barely miss the iguana with your +0 spear.
The iguana is heavily wounded.
You hit the iguana but do no damage.
The iguana bites you but does no damage.
You hit the iguana with your +0 hand axe of chaos.
The iguana flies into a frenzy!
The iguana is severely wounded.
You barely miss the iguana with your +0 spear.
The iguana bites you. The iguana bites you!
You take 14 damage, and have 18/48 hp.
MASSIVE DAMAGE!!
You hit the iguana but do no damage.
The iguana is severely wounded.
You hit the iguana but do no damage. The iguana bites you.
* * * LOW HITPOINT WARNING * * *
You take 5 damage, and have 13/48 hp.
You closely miss the iguana with your +0 spear.
The iguana is severely wounded.
You hit the iguana with your +0 hand axe of chaos.
The iguana is poisoned.
The iguana bites you but does no damage.
The iguana bites you!
You die... "It's all fun and games until someone loses an eye."

....................†............
.......#####..........##..##.....
.......## #......#.......#...###
.###....## #.#.##............##
..#..#...###...###..........##
#...##<#...###..#(.........##
....##.###.###............#####
###....###.÷÷..#..............#
###..###...#....@l.......###..###
.##..###.#####...##.....#...#.(.#
###..#...##....##......#..ß)⌠##.#
# #....###.............#.ß..###.#
###...## #.#.##..###.###...#∩#⌠#.
.....## ##.......# #.##.#⌠#_#...#
####.####.....#### #.#######..ß.#
####..#....##.# #.# #⌠.ß..#
......<.......# #.# ###...#.


You could see a neutral iguana (fast, strong, frenzied, very poisoned).

Vanquished Creatures
  Grinder (D:3)
  Jessica (D:3)
  Natasha (thrice) (D:3)
  3 adders (D:3)
  3 dart slugs
  A ribbon worm (D:3)
  2 endoplasms (D:1)
  2 giant cockroaches
  4 goblins
  3 hobgoblins
  3 jackals (D:2)
  A kobold (D:3)
  3 quokkas (D:1)
  10 ball pythons
  3 bats
  A frilled lizard (D:3)
  4 rats
48 creatures vanquished.

Notes
Turn   | Place    | Note
-------+----------+-------------------------------------------
     0 | D:1      | ezpacito the Coglin Chaos Knight began the quest for the
                  | Orb.
     0 | D:1      | Reached XP level 1. HP: 18/18 MP: 1/1
   153 | D:1      | Reached skill level 1 in Dodging
   215 | D:1      | Reached XP level 2. HP: 24/24 MP: 2/2
   477 | D:1      | Reached XP level 3. HP: 29/29 MP: 3/3
   713 | D:1      | XOM: silly message
  1147 | D:2      | XOM: noise
  1262 | D:2      | XOM: silly message
  1627 | D:3      | Reached skill level 1 in Polearms
  1634 | D:3      | Found a faded altar of an unknown god.
  1668 | D:3      | XOM: noise
  1685 | D:3      | Reached XP level 4. HP: 35/35 MP: 4/4
  1685 | D:3      | Noticed Natasha
  1689 | D:3      | Killed Natasha
  1693 | D:3      | Noticed Grinder
  1713 | D:3      | XOM: confuse monster(s)
  1716 | D:3      | Killed Grinder
  1717 | D:3      | Reached skill level 1 in Stealth
  1717 | D:3      | Reached XP level 5. HP: 29/42 MP: 4/6
  1717 | D:3      | Reached XP level 6. HP: 33/48 MP: 4/7
  1754 | D:3      | Noticed Jessica
  1762 | D:3      | Killed Jessica
  1763 | D:3      | Reached skill level 1 in Spellcasting
  1820 | D:3      | Noticed Natasha
  1825 | D:3      | Killed Natasha
  1990 | D:3      | XOM: divination: magic mapping
  2040 | D:3      | Noticed Natasha
  2048 | D:3      | Killed Natasha
  2106 | D:4      | XOM: divination: magic mapping
  2161 | D:3      | Slain by an iguana

Illustrated notes

Levels and vault maps discovered:
D:1:      dpeg_arrival_water_fire, layout_loops_ring
D:2:      layout_basic
D:3:      layout_rooms, shapermc_ecumenical_altar_venn, uniq_natasha,
          uniq_grinder, uniq_jessica
D:4:      layout_rooms, led_xom_imps

Skill      XL: |  1  2  3  4  5  6 |
---------------+-------------------+-----
Dodging        | 1 2 |  2.3
Armour         | 2 3 |  3.1
Polearms       | 1 |  1.7
Fighting       | 4 |  4.1
Stealth        | 1 |  1.5
Axes           | 4 |  4.1
Spellcasting   | 1 |  1.0

Action                     |  1- 3 |  4- 6 || total
---------------------------+-------+-------++-------
  Melee: Hand axe          |    67 |    52 ||   119
         Dagger            |    20 |       ||    20
         Spear             |    54 |    51 ||   105
    Use: Potion            |       |     3 ||     3
   Stab: Confused          |     1 |     1 ||     2
 Armour: Leather armour    |    23 |       ||    23
         Chain mail        |     7 |    35 ||    42
  Dodge: Dodged            |    45 |    14 ||    59
         Repelled          |     4 |       ||     4

Table legend: (Time is in decaauts)
 A = Elapsed time spent in this place.
 B = Non-inter-level travel time spent in this place.
 C = Inter-level travel time spent in this place.
 D = Time resting spent in this place.
 E = Time spent auto-exploring this place.
 F = Levels seen in this place.
 G = Mean time per level.
                   A        B        C        D        E       F      G
               +--------+--------+--------+--------+--------+-----+--------+
         Total |   2169 |   2022 |    147 |      0 |   1639 |   4 |  542.2 |
       Dungeon |   2169 |   2022 |    147 |      0 |   1639 |   4 |  542.2 |
               +--------+--------+--------+--------+--------+-----+--------+

Top non-repeatable levels by time:
     D:2: 821 daAuts
     D:1: 766 daAuts
     D:3: 570 daAuts
     D:4: 11 daAuts
